 Dungeon Crawl Stone Soup version 0.26-a0-259-g1effd001a9 (webtiles) character file.

Game seed: 18373365047714143874

1213 sanka the Frost Mage (level 8, -8/52 HPs)
             Began as a Barachi Ice Elementalist on July 12, 2020.
             Mangled by a wyvern zombie (10 damage)
             ... on level 6 of the Dungeon.
             The game lasted 00:10:33 (6134 turns).

sanka the Frost Mage (Barachi Ice Elementalist)     Turns: 6134, Time: 00:10:33

Health: -8/52      AC:  8    Str: 10    XL:     8   Next: 46%
Magic:  6/15       EV: 12    Int: 17    God:
Gold:   397        SH:  0    Dex: 13    Spells: 2/17 levels left

rFire    x . .     SeeInvis .   a - +3 long sword (vamp)
rCold    + . .     Faith    .   (no shield)
rNeg     . . .     Spirit   .   G - +0 steam dragon scales
rPois    .         Reflect  .   v - +0 helmet
rElec    .         Harm     .   z - +0 cloak
rCorr    +                      i - +0 pair of gloves
MR       .....                  (no boots)
Stlth    ++........             (no amulet)
HPRegen  0.17/turn              j - ring of ice
MPRegen  0.14/turn              A - ring of resist corrosion

@: can't hop, slow
A: +LOS, swims, slowness 1, strong legs 1
a: Hop


You were on level 6 of the Dungeon.
You were hungry.

You visited 1 branch of the dungeon, and saw 6 of its levels.

You collected 397 gold pieces.


Innate Abilities, Weirdness & Mutations

You can be seen from farther away. (+LOS)
You can swim through water.
You cover ground slowly.
You can hop short distances.


   Skills:
 * Level 0.1 Fighting
 * Level 2.2 Dodging
 - Level 1.7 Stealth
 + Level 5.0 Spellcasting
 + Level 0.0 Conjurations
 - Level 3.0 Summonings
 + Level 10.9 Ice Magic


You had 2 spell levels left.
You knew the following spells:

 Your Spells              Type           Power        Failure   Level
a - Ozocubu's Armour      Chrm/Ice       ####....     4%          3
u - Hailstorm             Conj/Ice       ####....     14%         4
x - Summon Ice Beast      Ice/Summ       #####...     9%          4
y - Frozen Ramparts       Ice            ######       1%          3
z - Freeze                Ice            ####         1%          1

Your spell library contained the following spells:

 Spells                   Type           Power        Failure   Level


Inventory:

Hand Weapons
 a - a +3 vampiric long sword (weapon)
 e - a +0 dire flail
 w - a +0 bardiche
 C - a +3 flail
 F - the +2 dagger of Flawed Execution {holy, rPois MR+ Stlth+}

   It has been blessed by the Shining One to cause great damage to the undead
   and demons.
   It protects you from poison.
   It affects your resistance to hostile enchantments.
   It makes you more stealthy.
Missiles
 b - 37 sling bullets
 h - 204 stones (quivered)
Armour
 i - a +0 pair of gloves (worn)
 o - a +0 buckler
 v - a +0 helmet (worn)
 z - a +0 cloak (worn)
 G - +0 steam dragon scales (worn)
Jewellery
 j - a ring of ice (left hand)
 A - a ring of resist corrosion (right hand)
Wands
 p - a wand of disintegration (20)
Scrolls
 d - 3 scrolls of enchant armour {unknown}
 f - a scroll of enchant weapon {unknown}
 l - 3 scrolls of teleportation {@r4}
 r - a scroll of blinking {unknown}
 u - a scroll of amnesia {unknown}
 x - 2 scrolls of remove curse
 y - 3 scrolls of identify {@r1}
 B - 2 scrolls of immolation {unknown}
 D - a scroll of torment {unknown}
 E - 3 scrolls of magic mapping {unknown}
Potions
 g - 4 potions of degeneration {unknown}
 k - a potion of haste {unknown}
 m - 2 potions of might
 n - a potion of curing {@q1}
 q - 2 potions of cancellation {unknown}
 t - 3 potions of lignification {unknown}
Comestibles
 c - 9 rations

Dungeon Overview and Level Annotations

Branches:
Dungeon (6/15)
 Temple: D:4-7

Altars:
Cheibriados
Fedhas
Gozag
Trog

▒.......▒.▒ ▒.▒.....▒
▒▒▒.....▒.▒▒▒.▒.▒▒▒.▒
▒.▒.........▒.▒▒▒.▒
▒.▒.▒...▒.........▒
▒.▒.▒.▒▒▒.▒▒▒.▒▒▒▒▒▒▒▒▒▒
▒)..▒......▒▒.▒ ▒.......
▒▒▒▒▒▒▒▒▒..▒▒.▒▒▒.▒▒▒▒▒▒
▒▒▒▒..▒▒.....▒
▒YFY..▒▒▒▒▒▒▒▒ ▒Z▒▒▒.▒
▒.▒ ▒.▒ ▒°▒ ▒.▒ ▒.▒ ▒.▒
▒.▒ ▒.▒ ▒.. ... ▒.. ..▒
▒......


You could see a wyvern zombie and 2 friendly ice beasts.


Message History

The wyvern zombie is moderately damaged.
You are feeling hungry.
The wyvern zombie bites you.
* * * LOW HITPOINT WARNING * * *
The wyvern zombie bites you!
* * * LOW HITPOINT WARNING * * *
You barely miss the wyvern zombie.
The wyvern zombie is moderately damaged.
The wyvern zombie bites you but does no damage.
The wyvern zombie completely misses you.
You riposte.
You hit the wyvern zombie.
The wyvern zombie is heavily damaged.
You hit the wyvern zombie but do no damage.
The wyvern zombie is heavily damaged.
The wyvern zombie barely misses you.
Use which ability? (? or * to list) Hop to where?
Boing!
A chill wind blows around you.
Your icy armour cracks and falls away as you move.
The wyvern zombie misses you.
You riposte.
You barely miss the wyvern zombie.
The wyvern zombie is heavily damaged.
Your ice beast hits the wyvern zombie but does no damage.
The wyvern zombie bites you but does no damage.
A chill wind blows around you. The wyvern zombie bites you!
You die...

Action                   |  1- 3 |  4- 6 |  7- 9 || total
-------------------------+-------+-------+-------++-------
Melee: Unarmed           |    14 |       |       ||    14
       Trident           |     2 |    23 |       ||    25
       Flail             |       |    30 |    11 ||    41
       Dire flail        |       |       |    11 ||    11
       Long sword        |       |       |    12 ||    12
Throw: Stone             |     1 |       |       ||     1
 Cast: Freeze            |    51 |    40 |    22 ||   113
       Frozen Ramparts   |     1 |     7 |     7 ||    15
       Ozocubu's Armour  |       |     2 |     5 ||     7
       Summon Ice Beast  |       |       |     3 ||     3
 Abil: Hop               |       |     1 |     1 ||     2
Evoke: Wand              |       |     2 |     2 ||     4
  Use: Scroll            |       |     4 |       ||     4
 Stab: Sleeping          |     1 |     1 |     1 ||     3
  Eat: Ration            |     1 |     2 |     2 ||     5
Armor: Robe              |     8 |    29 |     7 ||    44
       Steam dragon scal |       |       |     9 ||     9
Dodge: Dodged            |    42 |    74 |    32 ||   148
       Rpst.: Long sword |       |       |     3 ||     3

Levels and vault maps discovered:
D:1:      scummos_arrival_simple_crosswalls, layout_loops_cross
D:2:      layout_rooms
D:3:      minmay_skewed_foursquare, layout_basic, lemuel_round_altar
D:4:      layout_loops_ring, nicolae_gozag_cash_rules_everything_around_me,
          kennysheep_little_box, first_ration
D:5:      layout_loops_corners, bloody_trog, basic_altar, solitary_fountain
D:6:      layout_basic, uniq_maggie

Notes
Turn   | Place    | Note
-------+----------+-------------------------------------------
     0 | D:1      | sanka the Barachi Ice Elementalist began the quest for the
                  | Orb.
     0 | D:1      | Reached XP level 1. HP: 13/13 MP: 3/3
   267 | D:1      | Reached skill level 5 in Ice Magic
   445 | D:1      | Reached XP level 2. HP: 19/19 MP: 2/5
  1106 | D:2      | Reached XP level 3. HP: 23/24 MP: 4/7
  1120 | D:2      | Learned a level 3 spell: Frozen Ramparts
  1124 | D:2      | Learned a level 3 spell: Ozocubu's Armour
  1127 | D:2      | Reached skill level 3 in Spellcasting
  1702 | D:3      | Reached skill level 6 in Ice Magic
  1702 | D:3      | Reached XP level 4. HP: 25/30 MP: 3/8
  2089 | D:3      | Found a blossoming altar of Fedhas.
  2216 | D:3      | Reached skill level 7 in Ice Magic
  2216 | D:3      | Reached XP level 5. HP: 32/35 MP: 5/9
  2589 | D:4      | Found an opulent altar of Gozag.
  2624 | D:4      | HP: 2/35 [bullfrog skeleton (4)]
  2891 | D:4      | Reached skill level 8 in Ice Magic
  3163 | D:4      | Reached XP level 6. HP: 41/41 MP: 4/10
  3283 | D:4      | Noticed a phantom
  3314 | D:4      | Killed a phantom
  3314 | D:4      | Reached skill level 9 in Ice Magic
  3347 | D:4      | Learned a level 4 spell: Summon Ice Beast
  3380 | D:4      | Found a snail-covered altar of Cheibriados.
  3467 | D:4      | Reached skill level 1 in Summonings
  3618 | D:4      | Reached XP level 7. HP: 40/46 MP: 6/11
  3803 | D:5      | Entered Level 5 of the Dungeon
  3803 | D:5      | Found a bloodstained altar of Trog.
  3951 | D:5      | Reached skill level 2 in Summonings
  4262 | D:5      | Found a blossoming altar of Fedhas.
  4326 | D:5      | Reached skill level 3 in Summonings
  5022 | D:5      | Got a buzzing dagger
  5023 | D:5      | Identified the +2 dagger of Flawed Execution {holy, rPois
                  | MR+ Stlth+} (You found it on level 5 of the Dungeon)
  5077 | D:6      | Reached skill level 10 in Ice Magic
  5152 | D:6      | Identified +0 steam dragon scales
  5152 | D:6      | Noticed Maggie
  5160 | D:6      | Killed Maggie
  5160 | D:6      | Reached skill level 4 in Spellcasting
  5160 | D:6      | Reached XP level 8. HP: 7/52 MP: 5/14
  5517 | D:6      | Reached skill level 5 in Spellcasting
  5787 | D:6      | Learned a level 4 spell: Hailstorm
  6128 | D:6      | HP: 1/52 [wyvern zombie (12)]
  6134 | D:6      | Mangled by a wyvern zombie

Vanquished Creatures
  Maggie (D:6)
  2 orc warriors
  A phantom (D:4)
  3 hounds
  5 orc wizards
  2 orc priests
  A bullfrog skeleton (D:4)
  4 worker ants
  A worker ant zombie (D:5)
  4 gnolls (D:4)
  5 adders
  A shadow imp (D:6)
  A white imp (D:5)
  4 worms
  2 dart slugs
  4 leopard geckos
  18 orcs
  5 bats
  5 giant cockroaches
  9 goblins
  6 hobgoblins
  6 jackals
  6 kobolds
  2 quokkas
  10 frilled lizards
  2 leopard gecko skeletons (D:4)
  A quokka skeleton (D:5)
  5 rats
116 creatures vanquished.
